 Dungeon Crawl Stone Soup version 0.23.1 (webtiles) character file.

Game seed: 3870988535677218364

17 Chiseanne the Sneak (level 2, 0/14 HPs)
             Began as a Spriggan Assassin on Mar 5, 2019.
             Killed from afar by a dart slug (5 damage)
             ... with a slug dart
             ... on level 1 of the Dungeon.
             The game lasted 00:00:48 (255 turns).

Chiseanne the Sneak (Spriggan Assassin)              Turns: 255, Time: 00:00:48

Health: 0/14       AC:  3    Str:  7    XL:     2   Next: 44%
Magic:  3/3        EV: 17    Int: 12    God:
Gold:   18         SH:  0    Dex: 17    Spells: 1/1 levels left

rFire    . . .     SeeInvis +   a - +2 dagger
rCold    . . .     Gourm    .   (shield restricted)
rNeg     . . .     Faith    .   c - +0 robe
rPois    .         Spirit   .   (helmet restricted)
rElec    .         Reflect  .   d - +0 cloak
rCorr    .         Harm     .   (gloves unavailable)
MR       .....                  (boots unavailable)
Stlth    ++++......             (no amulet)
HPRegen  0.04/turn              (no ring)
MPRegen  0.08/turn              (no ring)

@: very quick
A: very small, unfitting armour, see invisible, herbivore, speed 3, slow
metabolism 2
a: no special abilities


You were on level 1 of the Dungeon.
You were not hungry.

You visited 1 branch of the dungeon, and saw 1 of its levels.

You collected 18 gold pieces.

Inventory:

Hand Weapons
 a - a +2 dagger (weapon)
 b - a +0 blowgun
Missiles
 e - 8 poisoned needles
 f - 2 curare-tipped needles
 m - 17 arrows
 n - 46 stones (quivered)
Armour
 c - a +0 robe (worn)
 d - a +0 cloak (worn)
Jewellery
 l - an uncursed ring of stealth {unknown}
Scrolls
 i - a scroll of amnesia {unknown}
 p - a scroll of random uselessness {unknown}
Potions
 h - a potion of mutation {unknown}
 j - a potion of might {unknown}
 k - a potion of ambrosia {unknown}
 o - a potion of curing {unknown}
Comestibles
 g - a ration


   Skills:
 - Level 1.5 Fighting
 - Level 2.1 Short Blades
 - Level 2.0 Throwing
 - Level 1.5 Dodging
 * Level 7.0 Stealth


You had one spell level left.
You didn't know any spells.
Your spell library was empty.

Dungeon Overview and Level Annotations

Branches:
Dungeon (1/15)

Altars:


Innate Abilities, Weirdness & Mutations

You are very small and have problems with some larger weapons.
You are too small for most types of armour.
You have supernaturally acute eyesight. (SInv)
You are a herbivore.
You cover ground extremely quickly.
You need to consume almost no food.


Message History

The hobgoblin shouts!
You hear a shout!
The hobgoblin misses you.
You hit the hobgoblin.
The hobgoblin is severely wounded.
A hobgoblin comes into view. It is wielding a +0 club.
The hobgoblin closely misses you.
You hit the hobgoblin but do no damage.
The hobgoblin is severely wounded.
The hobgoblin hits you with a +0 club. The dart slug launches a dart at you.
The slug dart hits you!
Ouch! That really hurt!
* * * LOW HITPOINT WARNING * * *
You barely miss the hobgoblin.
The hobgoblin is severely wounded.
The hobgoblin closely misses you.
You see here a scroll labeled ECZARU LOWAF.
The dart slug launches a dart at you. The slug dart hits you.
You die...

#..........###
#..........#
#..........#
#..........#
#..........# .
.....>.....#
.............#########
....(......##........#
........#..##...@....#
......#..........?...#
..... .$#..##....g...#
.... ...#.......)†.w.#
... .# ....#........#
... ##..#........# ..
#.. #........# ####
..#......g...# ....
##.........#


You could see a dart slug and 2 hobgoblins.

Vanquished Creatures
  2 giant cockroaches (D:1)
  2 hobgoblins (D:1)
  2 ball pythons (D:1)
  5 bats (D:1)
  A frilled lizard (D:1)
  2 kobolds (D:1)
  4 rats (D:1)
18 creatures vanquished.

Notes
Turn   | Place    | Note
-------+----------+-------------------------------------------
     0 | D:1      | Chiseanne the Spriggan Assassin began the quest for the
                  | Orb.
     0 | D:1      | Reached XP level 1. HP: 10/10 MP: 2/2
    35 | D:1      | Reached skill level 6 in Stealth
   138 | D:1      | Reached XP level 2. HP: 14/14 MP: 3/3
   245 | D:1      | Reached skill level 7 in Stealth
   255 | D:1      | Killed from afar by a dart slug

Skill      XL: |  1  2 |
---------------+-------+-----
Stealth        | 6 7 |  7.0
Fighting       | |  1.5
Short Blades   | |  2.1
Throwing       | |  2.0
Dodging        | |  1.5

Action                   || total
-------------------------++-------
Melee: Dagger            ||    34
 Stab: Sleeping          ||     9
Armor: Robe              ||     6
Dodge: Dodged            ||    25
